 Dungeon Crawl Stone Soup version 0.17-a0-957-ga3519be (webtiles) character file.

118 FedoraBrony69 the Conjurer (level 4, -3/24 HPs)
             Began as a Deep Elf Conjurer on May 7, 2015.
             Slain by a gnoll
             ... wielding a +0 flail
              (9 damage)
             ... on level 2 of the Dungeon.
             The game lasted 00:03:57 (1417 turns).

FedoraBrony69 the Conjurer (Deep Elf Conjurer)      Turns: 1417, Time: 00:03:57

Health: -3/24      AC:  3    Str:  5    XL:     4   Next: 72%
Magic:  0/13       EV: 13    Int: 21    God:
Gold:   40         SH:  0    Dex: 15    Spells: 1 memorised, 12 levels left

rFire  . . .     SeeInvis .     t - +0 spear
rCold  . . .     Clarity  .     a - +0 robe
rNeg   . . .     SustAb   .     (no shield)
rPois  .         Gourm    .     (no helmet)
rElec  .         Spirit   .     v - +0 cloak
rCorr  .         Warding  .     (no gloves)
rMut   .         Stasis   .     (no boots)
MR     .....                    (no amulet)
Stlth  ++........               (no ring)
                                (no ring)

@: not resistant to hostile enchantments, unstealthy
A: no striking features
a: no special abilities


You were on level 2 of the Dungeon.
You were not hungry.

You visited 1 branch of the dungeon, and saw 3 of its levels.

You collected 40 gold pieces.

Inventory:

Hand weapons
 j - a +0 mace
 t - a +0 spear (weapon)
Armour
 a - a +0 robe (worn)
 v - a +0 cloak (worn)
Magical devices
 q - a wand of polymorph (6)
Scrolls
 d - 2 scrolls of random uselessness {unknown}
 e - a scroll of enchant armour {unknown}
 g - a scroll of fog {unknown}
 h - 2 scrolls of identify {unknown}
 l - 3 scrolls of teleportation {unknown}
 s - a scroll of immolation {unknown}
Potions
 f - 2 potions of heal wounds {unknown}
 i - 2 potions of curing {unknown}
 k - a potion of agility {unknown}
 m - a potion of degeneration {unknown}
 n - 2 potions of flight {unknown}
 o - a potion of cure mutation {unknown}
 x - a potion of haste {unknown}
Books
 b - a book of Conjurations

   Spells                             Type                      Level
   a - Magic Dart                     Conjuration                  1
   b - Searing Ray                    Conjuration                  2
   c - Dazzling Spray                 Conjuration/Hexes            3
   d - Fulminant Prism                Conjuration/Hexes            4
   e - Iskenderun's Mystic Blast      Conjuration                  4
   f - Iskenderun's Battlesphere      Conjuration/Charms           5
 p - a book of Hinderance

   Spells                             Type                      Level
   a - Confusing Touch                Hexes                        2
   b - Confuse                        Hexes                        3
   c - Gell's Gravitas                Hexes/Translocation          3
   d - Petrify                        Transmutation/Earth          4
   e - Metabolic Englaciation         Hexes/Ice                    5
Comestibles
 c - 3 bread rations
 r - a slice of pizza
 u - a meat ration


   Skills:
 - Level 2.4 Dodging
 - Level 2.5 Stealth
 + Level 5.1 Spellcasting
 + Level 5.6 Conjurations


You had 12 spell levels left.
You knew the following spells:

 Your Spells              Type           Power        Failure   Level  Hunger
a - Magic Dart            Conj           ####         1%          1    None


Dungeon Overview and Level Annotations

Branches:
Dungeon (3/15)

Altars:
Ashenzari


Message History

Press: ? - help, Shift-Dir - straight line, f/p - gnoll
Aim: a gnoll, wielding a flail (moderately wounded)
The magic dart hits the gnoll.
The gnoll is heavily wounded.
The gnoll closely misses you.
Casting: Magic Dart
Confirm with . or Enter, or press ? or * to list all spells.
You don't have enough magic to cast that spell.
Unknown command.
You hit the gnoll.
The gnoll is heavily wounded.
The gnoll closely misses you.
You closely miss the gnoll.
The gnoll is heavily wounded.
The gnoll hits you with a flail.
* * * LOW HITPOINT WARNING * * *
You closely miss the gnoll.
The gnoll is heavily wounded.
The gnoll hits you with a flail!
You die...

##.# #.#.........# ### ...#
#.....#.###.#
#..#######.....#.###.#
#....................#
#.รท#######.....#>....# #..#
#............# #..####
#.##.........# #
#>....###.##..##g....# ##
#..#...#...#.>##@..#.###########.
..............##.................
##.#...#...#.###...#<############
##.##..........<.....# #
...#####...#.........# # .###
##............# # .#
#.#########..# # .# #.###### #..#
# .# #.[....# #..# ######


You could see a gnoll.

Vanquished Creatures
  2 gnolls (D:3)
  5 adders
  An ooze (D:2)
  An orc (D:3)
  10 bats
  3 giant cockroaches (D:1)
  4 goblins (D:1)
  2 hobgoblins (D:1)
  6 jackals
  7 kobolds
  5 giant newts
  4 rats (D:1)
50 creatures vanquished.

Notes
Turn   | Place    | Note
--------------------------------------------------------------
     0 | D:1      | FedoraBrony69, the Deep Elf Conjurer, began the quest for the Orb.
     0 | D:1      | Reached XP level 1. HP: 10/10 MP: 6/6
    78 | D:1      | Reached XP level 2. HP: 13/15 MP: 0/8
   309 | D:1      | Found a shattered altar of Ashenzari.
   612 | D:2      | Reached XP level 3. HP: 19/19 MP: 7/10
   616 | D:2      | Reached skill level 5 in Conjurations
  1160 | D:3      | Reached XP level 4. HP: 24/24 MP: 8/12
  1387 | D:3      | Reached skill level 5 in Spellcasting
  1417 | D:2      | Slain by a gnoll

Action                   |  1- 3 |  4- 6 || total
-------------------------+-------+-------++-------
Melee: Unarmed           |     1 |       ||     1
       Spear             |       |     5 ||     5
 Cast: Magic Dart        |    72 |    34 ||   106
  Eat: Chunk             |       |     1 ||     1
